 Dungeon Crawl Stone Soup version 0.31-a0-557-g6e16503903 (webtiles) character file.

Game seed: 11694924376879533279

25916 Newt the Carver (level 12, -16/106 HPs)
             Began as a White Draconian Shapeshifter on Aug 16, 2023.
             Was an Initiate of Gozag.
             Demolished by a skeletal warrior
             ... wielding a +0 scimitar
              (27 damage)
             ... on level 14 of the Dungeon.
             The game lasted 00:18:46 (15700 turns).

Newt the Carver (White Draconian Shapeshifter)     Turns: 15700, Time: 00:18:47

Health: -16/106    AC: 13    Str: 29    XL:     12   Next: 93%
Magic:  0/12       EV: 15    Int:  8    God:    Gozag
Gold:   1800       SH:  0    Dex: 12    Spells: 11/11 levels left

rFire   + + .        a - +8 long sword of Dawn {flame, *Noise rElec rF+ Stlth+}
rCold   + . .        (no shield)
rNeg    . . .        (body armour unavailable)
rPois   .            (helmet restricted)
rElec   +            S - +0 cloak
rCorr   .            (no gloves)
SInv    .            (no boots)
Will    .....        h - amulet "Waniod" {Spirit rF+ Stlth+}
Stlth   +++          r - +6 ring of strength
HPRegen 0.37/turn    A - +4 ring of protection
MPRegen 0.13/turn

%: guardian spirit
@: about to teleport, maw-form, gold aura
A: devouring maw, breathe frost, AC +8, unfitting armour, cold resistance 1,
cold-blooded
a: Breathe Frost, Begin Untransformation, Renounce Religion, Potion Petition,
Call Merchant, Bribe Branch


You were on level 14 of the Dungeon.
You worshipped Gozag.
Gozag was most pleased with you.
You were a creature with a mouth for a stomach.
You visited 2 branches of the dungeon, and saw 15 of its levels.
You visited the Abyss 1 time.

You collected 2174 gold pieces.
You spent 218 gold pieces at shops.
You paid 156 gold pieces to Gozag.

Inventory:

Hand Weapons
 a - the +8 long sword of Dawn (weapon) {flame, *Noise rElec rF+ Stlth+}
   (You found it on level 5 of the Dungeon)

   rF+:       It protects you from fire.
   rElec:     It insulates you from electricity.
   *Noise:    It may make a loud noise when swung.
   Stlth+:    It makes you more stealthy.
 b - the +5 long sword of Mayhem {antimagic, rF+ SInv}
   (You found it on level 7 of the Dungeon)

   rF+:       It protects you from fire.
   SInv:      It lets you see invisible.
 f - a +0 club of venom
 i - a +1 whip of electrocution
 m - a +0 whip
Missiles
 X - 8 boomerangs
Armour
 N - a scarf of invisibility
 S - a +0 cloak (worn)
 U - a +0 buckler
Jewellery
 h - the amulet "Waniod" (around neck) {Spirit rF+ Stlth+}
   (You acquired it on level 2 of the Dungeon)

   [amulet of guardian spirit]

   Spirit:    It causes incoming damage to be divided between your reserves of
   health and magic.
   rF+:       It protects you from fire.
   Stlth+:    It makes you more stealthy.
 k - a +6 ring of intelligence
 r - a +6 ring of strength (left hand)
 v - a ring of poison resistance
 A - a +4 ring of protection (right hand)
Talismans
 c - a flux talisman
 E - a maw talisman (active)
 F - a beast talisman
Wands
 s - a wand of digging (8)
 y - a wand of charming (15)
 z - a wand of quicksilver (6)
 B - a wand of polymorph (8)
 J - a wand of mindburst (4)
 K - a wand of flame (7)
Scrolls
 l - 3 scrolls of identify
 n - 7 scrolls of teleportation
 q - 2 scrolls of immolation {unknown}
 t - a scroll of enchant armour
 u - 3 scrolls of poison
 D - a scroll of enchant weapon {unknown}
 H - a scroll of noise {unknown}
 I - 2 scrolls of fog
 L - a scroll of revelation
 M - a scroll of vulnerability
 R - 2 scrolls of silence {unknown}
 W - a scroll of fear {unknown}
Potions
 d - a potion of heal wounds
 e - 2 potions of curing
 g - 2 potions of degeneration
 j - 3 potions of magic
 o - a potion of resistance
 p - 2 potions of cancellation
 w - a potion of brilliance
 x - 2 potions of lignification
 C - 2 potions of mutation
 G - a potion of might
 O - a potion of enlightenment {unknown}
 P - 3 potions of attraction {unknown}
 Q - a potion of invisibility {unknown}
 T - a potion of haste
 V - a potion of berserk rage {unknown}
Miscellaneous
 Y - a lightning rod (4/4)


   Skills:
 - Level 10.0 Fighting
 + Level 10.6 Long Blades
 - Level 3.0 Maces & Flails
 - Level 7.0 Throwing
 - Level 8.0 Dodging
 - Level 3.0 Unarmed Combat
 - Level 6.0 Evocations
 - Level 10.0 Shapeshifting


You had 11 spell levels left.
You didn't know any spells.
Your spell library contained the following spells:

 Spells                   Type           Power      Damage    Failure   Level
 Scorch                   Fire           0%         2d5       54%         2
 Hailstorm                Conj/Ice       0%         3d3       78%         3
 Ignite Poison            Fire/Tmut/Pois 0%         N/A       78%         3
 Inner Flame              Hex/Fire       0%         N/A       78%         3
 Ozocubu's Armour         Ice            0%         N/A       78%         3
 Tukima's Dance           Hex            0%         N/A       78%         3
 Flame Wave               Conj/Fire      0%         2d4       99%         4
 Passage of Golubria      Tloc           0%         N/A       99%         4
 Sticky Flame             Conj/Fire      0%         2d3       99%         4
 Summon Ice Beast         Ice/Summ       0%         N/A       99%         4
 Metabolic Englaciation   Hex/Ice        0%         N/A       100%        5
 Yara's Violent Unravell  Hex/Tmut       0%         3d3       100%        5
 Summon Cactus Giant      Summ           0%         N/A       100%        6
 Enfeeble                 Hex            0%         N/A       100%        7
 Ozocubu's Refrigeration  Ice            0%         4d7       100%        7
 Ignition                 Fire           0%         3d3       100%        8
 Polar Vortex             Ice            0%         N/A       100%        9
 Simulacrum               Ice/Necr       Unusable   N/A       N/A         6

Dungeon Overview and Level Annotations

Branches:
Dungeon (14/15)            Temple (1/1) D:7            Lair (0/5) D:10
    Orc (0/2) D:9          Vaults (0/5) D:14

Altars:
Ashenzari
Cheibriados
Dithmenos
Elyvilon
Fedhas
Gozag
Hepliaklqana
Kikubaaqudgha
Makhleb
Nemelex Xobeh
Okawaru
Qazlal
Ru
Sif Muna
Trog
Uskayaw
Vehumet
Wu Jian
Xom
Yredelemnul
Zin
The Shining One

Shops:
D:1 *   D:6 =   D:8 *   D:12 :   D:13 [


Innate Abilities, Weirdness & Mutations

You are a creature with a mouth for a stomach.
Your midsection houses a second, enormous mouth.
You can breathe waves of freezing cold which knock back foes.
Your icy white scales are hard. (AC +8)
You cannot fit into any form of body armour.
Your flesh is cold resistant. (rC+)
You are cold-blooded and may be slowed by cold attacks.


Message History

Your tail-slap misses the skeletal warrior.
Your bite misses the skeletal warrior.
The skeletal warrior is almost destroyed.
The skeletal warrior hits you with a +0 flail!
You slash the skeletal warrior! You burn the skeletal warrior.
You destroy the skeletal warrior!
You hit the skeletal warrior but do no damage.
You tail-slap the skeletal warrior, but do no damage.
The skeletal warrior hits you with a +0 scimitar!!
You are too injured to fight recklessly!
You are too injured to fight recklessly!
You are too injured to fight recklessly!
You completely miss the skeletal warrior.
You hit the skeletal warrior but do no damage.
Your bite misses the skeletal warrior.
The skeletal warrior hits you with a +0 scimitar!!
* * * LOW HITPOINT WARNING * * *
You hit the skeletal warrior but do no damage.
You punch the skeletal warrior. You bite the skeletal warrior!
The skeletal warrior is moderately damaged.
The skeletal warrior hits you with a +0 scimitar!!
* * * LOW HITPOINT WARNING * * *
Unknown command.
You feel much better.
The skeletal warrior hits you with a +0 scimitar.
* * * LOW HITPOINT WARNING * * *
Okay, then.
Okay, then.
Unknown command.
Unknown command.
Okay, then.
As you read the scroll of teleportation, it crumbles to dust.
You feel strangely unstable.
The skeletal warrior hits you with a +0 scimitar!
* * * LOW HITPOINT WARNING * * *
Unknown command.
The skeletal warrior attacks as you move away!
The skeletal warrior hits you with a +0 scimitar!!
You die...
Your body crumbles into a pile of gold.

#........##...........
.###..........#§#........
.........§§.#.§§#.......
#.........§#§#§#§#......
##.######.§§§§§§§§§...... #
##......##.§§#§#§#§#......
#.#.......##..§§#§§§#.......
#...#.....##..§.##§#........
#>........zW....#...........
####...#######..#...........
#.........# ≈~.............
...........#
≈≈~≈~.........#.
...........# ≈≈~.........#.
...z..z....# ≈≈#~.~~≈####.
z........... ≈≈≈~.~~~≈ #.
............. ≈≈≈...~~ #.
..z...####...# #≈~~~.. ..


You could see a skeletal warrior.

Vanquished Creatures
  A hydra (D:11)
  A two-headed ogre (D:14)
  3 centaur warriors (D:13)
  A death yak (D:10)
  Erica (D:8)
  A skeletal warrior (D:14)
  15 slime creatures
  A wizard (D:14)
  An orange crystal statue (D:10)
  The ghost of dialectric the Grappler, a novice MiSh (D:6)
  3 manticores
  11 ugly things
  A cyclops (D:12)
  A gargoyle (D:12)
  An unseen horror (D:12)
  A yaktaur (D:12)
  5 trolls
  Grinder (D:6)
  The ghost of SirDiesAlot the Changeling, an amateur OpSh (D:4)
  2 wyverns
  A water elemental (D:12)
  2 vampires
  2 basilisks (D:10)
  17 yaks
  An acid dragon (D:9)
  A sky beast (D:7)
  A water moccasin (D:8)
  3 orc warriors
  An ice beast (D:8)
  2 black bears (D:6)
  7 centaurs
  A kobold brigand (D:9)
  A phantom (D:6)
  3 bullfrogs
  A gnoll sergeant (D:12)
  2 scorpions
  8 wights
  18 killer bees
  6 howler monkeys
  2 vampire bats (D:4)
  An electric eel (D:12)
  A crimson imp (D:6)
  3 jellies
  7 orc priests
  5 hounds
  2 gnoll boudas
  3 sleepcaps
  An iguana (D:7)
  Ijyb (D:5)
  Natasha (thrice) (D:4)
  8 orc wizards
  A boggart simulacrum (D:14)
  15 gnolls
  7 adders
  2 ufetubi (D:6)
  2 dart slugs
  31 orcs
  3 bat skeletons (D:4)
  2 bat zombies (D:4)
  11 endoplasms
  3 giant cockroaches
  A goblin (D:1)
  5 hobgoblins
  15 jackals
  5 quokkas
  6 ball pythons
  9 bats
  A frilled lizard (D:1)
  18 kobolds
  7 rats
312 creatures vanquished.

Vanquished Creatures (collateral kills)
  A hornet (D:9)
  The ghost of ytrimaz the Changeling, an amateur DsSh (D:5)
  An orc warrior (D:9)
  A bullfrog (D:5)
  A hound (D:5)
  An orc wizard (D:9)
  3 orcs (D:9)
9 creatures vanquished.

Grand Total: 321 creatures vanquished

Notes
Turn   | Place    | Note
-------+----------+-------------------------------------------
     0 | D:1      | Newt the Draconian Shapeshifter began the quest for the
                  | Orb.
     0 | D:1      | Reached XP level 1. HP: 16/16 MP: 1/1
   165 | D:1      | Found Orys's Assorted Antiques.
   336 | D:1      | Reached XP level 2. HP: 22/25 MP: 2/2
   967 | D:2      | Reached XP level 3. HP: 28/31 MP: 3/3
   978 | D:2      | Found a white marble altar of Elyvilon.
  1041 | D:2      | Reached XP level 4. HP: 19/38 MP: 4/4
  1244 | D:1      | Bought a lumpy pink potion for 18 gold pieces
  1244 | D:1      | Bought a scroll labelled SASKAE CAUNAIG for 20 gold pieces
  1244 | D:1      | Bought a scroll labelled BIPEKK EZOCS for 20 gold pieces
  1738 | D:2      | Identified a scroll of acquirement
  1738 | D:2      | Acquired the amulet "Waniod" {Spirit rF+ Stlth+}
  2492 | D:3      | Reached XP level 5. HP: 45/45 MP: 5/5
  2513 | D:3      | Identified the +1 leather armour "Vugroul" {Harm rC- rCorr
                  | Slay+2}
  2724 | D:4      | Reached skill level 5 in Shapeshifting
  2850 | D:4      | Reached XP level 6. HP: 41/51 MP: 4/6
  3019 | D:4      | Noticed Natasha
  3030 | D:4      | Killed Natasha
  3095 | D:4      | Noticed Natasha
  3102 | D:4      | Killed Natasha
  3128 | D:4      | Found a runed translucent door.
  3135 | D:4      | Noticed SirDiesAlot's ghost (amateur OpSh)
  3146 | D:4      | Noticed Natasha
  3217 | D:4      | Killed Natasha
  3225 | D:4      | Reached skill level 1 in Maces & Flails
  3526 | D:4      | Found an ancient bone altar of Kikubaaqudgha.
  3538 | D:4      | Your scales start taking on an icy white colour.
  3538 | D:4      | Reached XP level 7. HP: 54/57 MP: 4/7
  3538 | D:4      | Gained mutation: Your flesh is cold resistant. (rC+) [White
                  | Draconian growth]
  3884 | D:4      | Killed SirDiesAlot's ghost
  3962 | D:5      | Entered Level 5 of the Dungeon
  4132 | D:5      | Identified the +8 long sword of Dawn {flame, *Noise rElec
                  | rF+ Stlth+}
  4143 | D:5      | Noticed Ijyb
  4155 | D:5      | Killed Ijyb
  4382 | D:5      | Found a runed translucent gate.
  4383 | D:5      | Found a runed translucent gate.
  4385 | D:5      | Found a runed translucent gate.
  4385 | D:5      | Noticed ytrimaz's ghost (amateur DsSh)
  4419 | D:5      | Reached skill level 5 in Fighting
  4419 | D:5      | Reached XP level 8. HP: 66/68 MP: 6/8
  4553 | D:5      | Killed ytrimaz's ghost
  4654 | D:6      | Found Xigumol's Jewellery Emporium.
  4682 | D:6      | Noticed Grinder
  4691 | D:6      | Killed Grinder
  4692 | D:6      | Reached skill level 5 in Long Blades
  5022 | D:6      | Found a burning altar of Makhleb.
  5101 | D:6      | Reached XP level 9. HP: 75/75 MP: 9/9
  5102 | D:6      | Found a large runed translucent door.
  5102 | D:6      | Found a large runed translucent door.
  5104 | D:6      | Noticed dialectric's ghost (novice MiSh)
  5385 | D:6      | Killed dialectric's ghost
  5574 | D:7      | Identified the +5 long sword of Mayhem {antimagic, rF+
                  | SInv}
  5769 | D:7      | Found a staircase to the Ecumenical Temple.
  5781 | Temple   | Entered the Ecumenical Temple
  5835 | Temple   | Became a worshipper of Gozag Ym Sagoz the Greedy
  6360 | D:8      | Reached skill level 10 in Long Blades
  6560 | D:8      | Noticed Erica
  6569 | D:8      | Killed Erica
  6570 | D:8      | Reached XP level 10. HP: 58/83 MP: 2/10
  7050 | D:8      | Found a snail-covered altar of Cheibriados.
  7174 | D:8      | Found Uwkusmio's Overcharged Wands.
  7593 | D:1      | Bought a glowing scarf for 160 gold pieces
  7704 | D:9      | Found a staircase to the Orcish Mines.
  8063 | D:9      | Paralysed by a hornet for 1 turns
  9437 | D:10     | Entered Level 10 of the Dungeon
  9504 | D:10     | Found an ornate altar of the Wu Jian Council.
  9607 | D:10     | Noticed a death yak
  9626 | D:10     | Killed a death yak
  9627 | D:10     | Reached skill level 10 in Shapeshifting
  9630 | D:10     | Reached XP level 11. HP: 41/91 MP: 6/11
  9818 | D:10     | Found a staircase to the Lair.
 10235 | D:10     | Noticed an orange crystal statue
 10341 | D:10     | Killed an orange crystal statue
 11163 | D:11     | Reached skill level 10 in Fighting
 11341 | D:11     | Noticed a seven-headed hydra
 11368 | D:12     | Noticed a red ugly thing
 11390 | D:12     | Killed a red ugly thing
 11395 | D:12     | Reached skill level 5 in Dodging
 11737 | D:12     | Noticed a red ugly thing
 11964 | D:12     | Killed a red ugly thing
 12524 | D:12     | Found Sew Gutt's Book Shop.
 12672 | D:13     | Noticed a centaur warrior
 12819 | D:13     | Killed a centaur warrior
 12820 | D:13     | Reached skill level 1 in Throwing
 12826 | D:13     | Reached XP level 12. HP: 87/106 MP: 7/12
 13456 | D:13     | Reached skill level 5 in Throwing
 13814 | D:13     | Noticed a centaur warrior
 13827 | D:13     | Killed a centaur warrior
 14003 | D:13     | Noticed a centaur warrior
 14018 | D:13     | Killed a centaur warrior
 14048 | D:13     | Found Hacy's Armour Boutique.
 14309 | D:13     | Reached skill level 1 in Evocations
 14626 | D:13     | Found a glowing silver altar of Zin.
 14839 | D:11     | Killed a six-headed hydra
 15121 | D:11     | You fall into a shaft and drop 2 floors!
 15212 | D:14     | Noticed a two-headed ogre
 15218 | D:14     | Killed a two-headed ogre
 15262 | D:14     | Reached skill level 5 in Evocations
 15426 | Abyss:2  | Cast into level 2 of the Abyss (a wizard)
 15441 | D:14     | Escaped the Abyss
 15601 | D:14     | Found a gate to the Vaults.
 15651 | D:14     | Found a shadowy altar of Dithmenos.
 15700 | D:14     | Demolished by a skeletal warrior

Illustrated notes

Levels and vault maps discovered:
D:1:      psy_arrival_statuary, layout_basic, serial_shops,
          nicolae_shop_real_fake_doors
D:2:      layout_loops_ring, basic_altar, kennysheep_pointless_box,
          kennysheep_generic_room_10
D:3:      layout_loops_ring
D:4:      kennysheep_big_flooded_room, layout_loops_ring,
          kennysheep_vampire_church, ebering_ghost_reflecting_pool,
          patterned_corridor, uniq_natasha
D:5:      layout_rooms, gammafunk_ghost_split, uniq_ijyb
D:6:      layout_basic, makhleb_grotto_becter, ebering_ghost_disaster_area,
          nicolae_stop_n_shop_2, uniq_grinder
D:7:      layout_basic, minmay_temple_entry_mist
D:8:      layout_cave_pods, mainiacjoe_overflow_surrounded_room, minivault_26,
          nicolae_shop_overcharged_wands, uniq_erica
D:9:      layout_grid_maze, orc_0_dummy
D:10:     layout_grid_maze, mainiacjoe_overflow_paths, david_lair_generic,
          chequers_serial_rivers_small_a, minmay_tree_intersection, minivault_16
D:11:     layout_cave_pools
D:12:     layout_rooms, serial_shops, shop_statue, serial_bayou_ford_a
D:13:     layout_stronghold, serial_shops, shop, zin_statuary
D:14:     layout_basic, david_vaults_1, grunt_dithmenos_smoke_and_mirrors
Temple:   dpeg_five_rooms_temple

Skill      XL: |  1  2  3  4  5  6  7  8  9 10 11 12 |
---------------+-------------------------------------+-----
Fighting       | 2 3 5 6 10 | 10.0
Shapeshifting  | 4 5 6 7 10 | 10.0
Maces & Flails | 2 3 |  3.0
Dodging        | 4 8 |  8.0
Long Blades    | 6 10 | 10.6
Throwing       | 1 7 |  7.0
Evocations     | 6 |  6.0
Unarmed Combat | |  3.0

Action                     |  1- 3 |  4- 6 |  7- 9 | 10-12 || total
---------------------------+-------+-------+-------+-------++-------
  Melee: Club              |    46 |       |       |       ||    46
         Unarmed           |     6 |       |       |       ||     6
         Tailslap          |     8 |    24 |    23 |   104 ||   159
         Whip              |    56 |   150 |    53 |       ||   259
         Punch             |     2 |     3 |     7 |    29 ||    41
         Long sword        |       |       |   169 |   540 ||   709
         Maw               |       |       |       |   115 ||   115
  Throw: Boomerang         |       |       |       |     3 ||     3
Ability: Breathe Frost     |       |       |       |     2 ||     2
  Evoke: Wand              |       |       |       |     5 ||     5
    Use: Scroll            |     4 |     8 |     3 |     7 ||    22
         Potion            |     1 |       |     1 |     5 ||     7
   Stab: Sleeping          |     1 |     7 |     7 |     3 ||    18
         Distracted        |       |       |     1 |     2 ||     3
 Armour: Skin              |    39 |    54 |    90 |   205 ||   388
  Dodge: Dodged            |   101 |   117 |   171 |   346 ||   735
   Form: Maw               |       |       |       |     1 ||     1

Table legend: (Time is in decaauts)
 A = Elapsed time spent in this place.
 B = Non-inter-level travel time spent in this place.
 C = Inter-level travel time spent in this place.
 D = Time resting spent in this place.
 E = Time spent auto-exploring this place.
 F = Levels seen in this place.
 G = Mean time per level.
                   A        B        C        D        E       F      G
               +--------+--------+--------+--------+--------+-----+--------+
         Total |  15691 |  14714 |    977 |   3039 |   9299 |  16 |  980.7 |
       Dungeon |  15570 |  14698 |    872 |   3039 |   9299 |  14 | 1112.1 |
        Temple |    106 |      1 |    105 |      0 |      0 |   1 |  106.0 |
         Abyss |     14 |     14 |      0 |      0 |      0 |   1 |   14.0 |
               +--------+--------+--------+--------+--------+-----+--------+

Top non-repeatable levels by time:
    D:13: 1796 daAuts
     D:9: 1732 daAuts
    D:12: 1725 daAuts
    D:10: 1276 daAuts
     D:4: 1268 daAuts
     D:2: 1178 daAuts
     D:8: 1107 daAuts
     D:1: 929 daAuts
     D:6: 914 daAuts
    D:11: 882 daAuts
     D:7: 811 daAuts
     D:3: 765 daAuts
     D:5: 667 daAuts
    D:14: 515 daAuts
  Temple: 106 daAuts
